 Dungeon Crawl Stone Soup version 0.31-a0-37-g98a128e1d9 (webtiles) character file.

Game seed: 15624123882436231073

1246 funkygono the Chopper (level 8, -3/71 HPs)
             Began as a Minotaur Fighter on May 15, 2023.
             Was a Follower of Okawaru.
             Slain by a two-headed ogre
             ... wielding a +0 giant spiked club
              (11 damage)
             ... on level 6 of the Dungeon.
             The game lasted 00:06:09 (4683 turns).

funkygono the Chopper (Minotaur Fighter)            Turns: 4683, Time: 00:06:10

Health: -3/71      AC: 15    Str: 23    XL:     8   Next: 25%
Magic:  7/7        EV:  8    Int:  5    God:    Okawaru [*.....]
Gold:   234        SH:  5    Dex: 10    Spells: 7/7 levels left

rFire   . . .        a - +2 war axe (freeze)
rCold   . . .        c - +0 buckler
rNeg    . . .        o - +3 chain mail of Zin's Generosity {Will+}
rPois   .            (helmet restricted)
rElec   .            (no cloak)
rCorr   .            i - +1 pair of gloves
SInv    .            (no boots)
Will    +....        (no amulet) Stlth
                     (no ring)
HPRegen 0.31/turn    (no ring)
MPRegen 0.10/turn

%: no passive effects
@: no status effects
A: horns 2, retaliatory headbutt
a: Renounce Religion, Heroism


You were on level 6 of the Dungeon.
You worshipped Okawaru.
Okawaru was aware of your devotion.
You visited 1 branch of the dungeon, and saw 6 of its levels.

You collected 234 gold pieces.

Inventory:

Hand Weapons
 a - a +2 war axe of freezing (weapon)
Missiles
 q - 2 boomerangs (quivered)
Armour
 c - a +0 buckler (worn)
 f - a +0 plate armour
 i - a +1 pair of gloves (worn)
 o - the +3 chain mail of Zin's Generosity (worn) {Will+}
   (You found it on level 6 of the Dungeon)

   Will:      It increases your willpower.
Jewellery
 t - an amulet of guardian spirit
Wands
 m - a wand of paralysis (11)
Scrolls
 h - 2 scrolls of teleportation
 l - 3 scrolls of identify
 s - 2 scrolls of fog
 u - 3 scrolls of enchant weapon
Potions
 b - a potion of resistance
 d - 2 potions of might
 e - 2 potions of magic
 g - 2 potions of heal wounds
 j - a potion of lignification
 k - a potion of flight {unknown}
 n - a potion of attraction
 p - 3 potions of mutation
 r - 2 potions of curing


   Skills:
 + Level 6.3 Fighting
 + Level 7.9 Axes
 + Level 7.1 Armour
 + Level 0.7 Dodging
 + Level 1.5 Stealth
 + Level 5.1 Shields


You had 7 spell levels left.
You didn't know any spells.
Your spell library contained the following spells:

 Spells                   Type           Power      Damage    Failure   Level
 Beastly Appendage        Tmut           0%         N/A       97%         1
 Freeze                   Ice            0%         1d3       97%         1
 Kiss of Death            Conj/Necr      0%         2d5       97%         1
 Blink                    Tloc           0%         N/A       99%         2
 Ensorcelled Hibernation  Hex/Ice        0%         N/A       99%         2
 Lesser Beckoning         Tloc           0%         N/A       99%         2
 Momentum Strike          Conj/Tloc      0%         3d8       99%         2
 Wereblood                Tmut           0%         N/A       99%         2
 Confusing Touch          Hex            0%         N/A       100%        3
 Frozen Ramparts          Ice            0%         1d1       100%        3
 Gell's Gravitas          Tloc           0%         N/A       100%        3
 Hailstorm                Conj/Ice       0%         3d3       100%        3
 Portal Projectile        Hex/Tloc       0%         N/A       100%        3
 Spider Form              Tmut/Pois      0%         N/A       100%        3
 Teleport Other           Tloc           0%         N/A       100%        3
 Anguish                  Hex/Necr       0%         N/A       100%        4
 Dispel Undead            Necr           0%         3d6       100%        4
 Leda's Liquefaction      Hex/Erth       0%         N/A       100%        4
 Blade Hands              Tmut           0%         N/A       100%        5
 Iron Shot                Conj/Erth      0%         9d1       100%        6
 Call Canine Familiar     Summ           Unusable   N/A       N/A         3
 Animate Armour           Summ/Erth      Unusable   N/A       N/A         4

Dungeon Overview and Level Annotations

Branches:
Dungeon (6/15)             Temple (0/1) D:5

Altars:
Ashenzari
Dithmenos
Elyvilon
Okawaru
Qazlal
Ru
Wu Jian


Innate Abilities, Weirdness & Mutations

You have a pair of horns on your head.
You reflexively headbutt those who attack you in melee.


Message History

An iguana comes into view.
The iguana hisses angrily.
An iguana is nearby!
The iguana closely misses you.
You hit the iguana.
The iguana seems to slow down.
You freeze the iguana.
You headbutt the iguana, but do no damage.
The iguana is heavily wounded.
The iguana bites you.
You slash the iguana!
The iguana seems to slow down.
You freeze the iguana.
You kill the iguana!
Okawaru accepts your kill.
You see here an iguana corpse.
Found a club.
Found a stone staircase leading down.
s - 2 scrolls of fog (gained 1)
You see here 2 potions of degeneration.
You now have 215 gold pieces (gained 5).
You now have 234 gold pieces (gained 19).
A two-headed ogre comes into view.
It is wielding two +0 giant spiked clubs.
The two-headed ogre shouts in stereo!
Found the Hermit's Pendant {Faith Invo=14 Evo=0 MP+5}.
Found a faded altar of an unknown god.
The two-headed ogre closely misses you. You furiously retaliate!
You headbutt the two-headed ogre!
The two-headed ogre hits you but does no damage.
You hit the two-headed ogre but do no damage.
The two-headed ogre is lightly wounded.
The two-headed ogre hits you with a +0 giant spiked club! x2
You barely miss the two-headed ogre.
The two-headed ogre is lightly wounded.
The two-headed ogre hits you with a +0 giant spiked club!!
The two-headed ogre hits you with a +0 giant spiked club.
You barely miss the two-headed ogre. You headbutt the two-headed ogre!
The two-headed ogre is moderately wounded.
You hit the two-headed ogre but do no damage.
You headbutt the two-headed ogre.
The two-headed ogre is heavily wounded.
The two-headed ogre hits you with a +0 giant spiked club!
* * * LOW HITPOINT WARNING * * *
The two-headed ogre hits you with a +0 giant spiked club!
You die...

..... #.#.#...# ##.#
.###.# ...#...###.##
........#)#.####.###
##.###.##....# ##..#
..........#..# ##.#
.###.###.##..# #.##
..... ##.#..# #..#
#####. #†...# ##.##
#####. #....# #@##
......###...## #≈O≈#
.......##...# #...#
#### #.##)..# .._..#
#.##...# .....#
###.##...####...##
#..........######
####.#)......#.#
#....)..####.# #


You could see a two-headed ogre.

Vanquished Creatures
  Sigmund (D:2)
  A water moccasin (D:6)
  A black bear (D:5)
  A phantom (D:5)
  A kobold brigand (D:6)
  A scorpion (D:6)
  A howler monkey (D:5)
  5 hounds
  5 orc priests
  2 iguanas
  4 orc wizards
  6 adders
  4 gnolls
  A white imp (D:6)
  5 worms
  11 orcs
  5 bats
  12 endoplasms
  3 giant cockroaches
  4 goblins
  8 hobgoblins
  8 kobolds
  2 quokkas
  4 ball pythons
  A frilled lizard (D:1)
  7 rats
104 creatures vanquished.

Notes
Turn   | Place    | Note
-------+----------+-------------------------------------------
     0 | D:1      | funkygono the Minotaur Fighter began the quest for the Orb.
     0 | D:1      | Reached XP level 1. HP: 19/19 MP: 0/0
    53 | D:1      | Reached XP level 2. HP: 27/27 MP: 1/1
   606 | D:1      | You fall into a shaft and drop 1 floor!
   924 | D:1      | Reached XP level 3. HP: 32/33 MP: 2/2
  1146 | D:2      | Noticed Sigmund
  1156 | D:2      | Killed Sigmund
  1157 | D:2      | Reached skill level 5 in Armour
  1157 | D:2      | Reached XP level 4. HP: 41/41 MP: 3/3
  1157 | D:2      | Reached XP level 5. HP: 47/47 MP: 4/4
  1387 | D:2      | Reached skill level 5 in Fighting
  1645 | D:3      | Reached XP level 6. HP: 15/56 MP: 5/5
  2248 | D:3      | Reached skill level 5 in Axes
  2848 | D:4      | Found a sacrificial altar of Ru.
  3007 | D:4      | Found an ornate altar of the Wu Jian Council.
  3364 | D:4      | Found a broken altar of Ashenzari.
  3364 | D:4      | Found a shadowy altar of Dithmenos.
  3372 | D:4      | Found a faded altar of an unknown god.
  3374 | D:4      | Found a faded altar of an unknown god.
  3376 | D:4      | Found a white marble altar of Elyvilon.
  3446 | D:4      | Reached XP level 7. HP: 44/61 MP: 6/6
  3446 | D:4      | Found an iron altar of Okawaru.
  3455 | D:4      | Reached skill level 1 in Stealth
  3466 | D:4      | Became a worshipper of Warmaster Okawaru
  3752 | D:5      | Entered Level 5 of the Dungeon
  3795 | D:5      | Reached skill level 5 in Shields
  4118 | D:5      | Found a staircase to the Ecumenical Temple.
  4302 | D:6      | Reached * piety under Okawaru
  4369 | D:6      | Identified the +3 chain mail of Zin's Generosity {Will+}
  4461 | D:6      | Reached XP level 8. HP: 70/70 MP: 7/7
  4551 | D:6      | Found a stormy altar of Qazlal.
  4676 | D:6      | Noticed a two-headed ogre
  4679 | D:6      | Found a faded altar of an unknown god.
  4679 | D:6      | Found the Hermit's Pendant {Faith Invo=14 Evo=0 MP+5}
  4683 | D:6      | Slain by a two-headed ogre

Illustrated notes

Levels and vault maps discovered:
D:1:      co_arrival_random_square_maze, layout_basic
D:2:      layout_basic, kennysheep_generic_room_2, uniq_sigmund
D:3:      layout_basic, grunt_decor_arrowhead
D:4:      layout_loops_ring, nicolae_ru_great_annihilating_truth,
          mainiacjoe_overflow_alcove_4, chequers_temple_overflow_minitemple,
          lemuel_coloured_pillars_altar
D:5:      layout_rooms, temple_statues
D:6:      layout_basic, mainiacjoe_overflow_surrounded_room,
          nicolae_concentric_dashed_squares_mild, hellmonk_guarded_unrand_hermit

Skill      XL: |  1  2  3  4  5  6  7  8 |
---------------+-------------------------+-----
Fighting       | 4 5 6 |  6.3
Armour         | 4 5 6 7 |  7.1
Shields        | 4 5 |  5.1
Axes           | 4 5 7 |  7.9
Stealth        | 1 |  1.5
Dodging        | |  0.7

Action                     |  1- 3 |  4- 6 |  7- 9 || total
---------------------------+-------+-------+-------++-------
  Melee: War axe           |    39 |   111 |    69 ||   219
         Headbutt          |     8 |    17 |    15 ||    40
    Use: Scroll            |     3 |     6 |     8 ||    17
   Stab: Paralysed         |       |     1 |       ||     1
 Armour: Plate armour      |    19 |    71 |    48 ||   138
         Chain mail        |       |       |    11 ||    11
  Dodge: Dodged            |     6 |    24 |    18 ||    48
  Block: Buckler           |    11 |    19 |    17 ||    47

Table legend: (Time is in decaauts)
 A = Elapsed time spent in this place.
 B = Non-inter-level travel time spent in this place.
 C = Inter-level travel time spent in this place.
 D = Time resting spent in this place.
 E = Time spent auto-exploring this place.
 F = Levels seen in this place.
 G = Mean time per level.
                   A        B        C        D        E       F      G
               +--------+--------+--------+--------+--------+-----+--------+
         Total |   4742 |   4576 |    166 |     30 |   3776 |   6 |  790.3 |
       Dungeon |   4742 |   4576 |    166 |     30 |   3776 |   6 |  790.3 |
               +--------+--------+--------+--------+--------+-----+--------+

Top non-repeatable levels by time:
     D:4: 1149 daAuts
     D:3: 991 daAuts
     D:1: 949 daAuts
     D:2: 710 daAuts
     D:5: 489 daAuts
     D:6: 451 daAuts
